 Dungeon Crawl Stone Soup version 0.30-a0-691-g754fce4c43 (webtiles) character file.

Game seed: 7928118015450576197

93162 Newt the Carver (level 15, -7/122 HPs)
             Began as a Demonspawn Gladiator on Jan 19, 2023.
             Was the Champion of Jiyva.
             Mangled by a ghoul (11 damage)
             ... on level 2 of the Swamp.
             The game lasted 00:26:32 (14972 turns).

Newt the Carver (Demonspawn Gladiator)             Turns: 14972, Time: 00:26:32

Health: -7/122     AC: 26    Str: 40    XL:     15   Next: 23%
Magic:  0/27       EV: 10    Int:  7    God:    Jiyva [******]
Gold:   782        SH:  4    Dex: 13    Spells: 30/30 levels left

rFire   + . .      SeeInvis +    z - +8 great sword (heavy)
rCold   . . .      Faith    .    (shield currently unavailable)
rNeg    . . .      Spirit   +    N - +0 crystal plate armour "Edwur" {Fly Str+4}
rPois   .          Reflect  .    (helmet unavailable)
rElec   .          Harm     .    (no cloak)
rCorr   +          Rampage  .    (no gloves)
Will    ++++.                    (no boots) Stlth
                                 A - amulet of guardian spirit
HPRegen 3.60/turn                i - ring of willpower
MPRegen 0.70/turn                s - ring of Okawaru's Wrath {Will+ Str+6 Stlth+}

@: flying, studying Short Blades
A: antennae 3, molten scales 3, ignite blood 1, spiny 2, demonic willpower,
large bone plates 1, mutation resistance 2, regeneration 2, strong 2, wild magic
1, eyeballs 2, gelatinous body 1, translucent skin 1, sturdy frame 1, noise
suppression
}: 1/15 runes: slimy
a: Renounce Religion, Oozemancy, Slimify


You were on level 2 of the Swamp.
You worshipped Jiyva.
Jiyva was exalted by your worship.
You visited 5 branches of the dungeon, and saw 24 of its levels.
You visited 1 bazaar.
You also visited: Bailey.

You collected 1510 gold pieces.
You spent 728 gold pieces at shops.

Inventory:

Hand Weapons
 a - a +1 spectral rapier
 f - a +3 hand axe
 z - a +8 heavy great sword (weapon)
 M - the +8 long sword "Ostreyh Zuvo" {protect, Int+4 Dex+3}
   (You found it on level 5 of the Pits of Slime)

   Int:       It affects your intelligence (+4).
   Dex:       It affects your dexterity (+3).
Missiles
 d - 4 throwing nets (quivered)
 e - 7 javelins
Armour
 b - a +0 leather armour
 c - a +0 helmet
 v - the +3 hat of Pondering {ponderous, Will+ MP+10 Int+5}
   (You took it off Gastronok on level 8 of the Dungeon)

   Int:       It affects your intelligence (+5).
   MP:        It affects your magic capacity (+10).
   Will:      It increases your willpower.
 w - +1 acid dragon scales
 G - a +0 leather armour of fire resistance
 N - the +0 crystal plate armour "Edwur" (worn) {Fly Str+4}
   (You found it on level 5 of the Pits of Slime)

   Str:       It affects your strength (+4).
   Fly:       It grants you flight.
Jewellery
 i - a ring of willpower (left hand)
 s - the ring of Okawaru's Wrath (right hand) {Will+ Str+6 Stlth+}
   (You found it on level 5 of the Dungeon)

   [ring of strength]

   Str:       It affects your strength (+6).
   Will:      It increases your willpower.
   Stlth:     It makes you more stealthy.
 y - an amulet of magic regeneration
 A - an amulet of guardian spirit (around neck)
Wands
 o - a wand of iceblast (3)
 E - a wand of digging (5)
 I - a wand of paralysis (4)
 K - a wand of flame (22)
Scrolls
 g - a scroll of fog
 t - 3 scrolls of summoning
 x - a scroll of magic mapping
 C - 3 scrolls of teleportation
 J - 2 scrolls of blinking
Potions
 h - 4 potions of flight
 j - 3 potions of curing
 k - 2 potions of cancellation
 l - 5 potions of attraction
 m - 2 potions of heal wounds
 n - 6 potions of might
 p - 3 potions of mutation
 q - a potion of resistance
 r - 3 potions of magic
 u - 4 potions of invisibility
 B - 2 potions of ambrosia {unknown}
 D - 2 potions of berserk rage {unknown}
 F - 3 potions of haste
 H - a potion of lignification {unknown}
 L - a potion of brilliance {unknown}


   Skills:
 + Level 12.7 Fighting
 - Level 4.1(9.8) Short Blades
 - Level 13.7(14.0) Long Blades
 - Level 1.7 Throwing
 - Level 12.0 Armour
 - Level 4.0 Dodging
 - Level 3.0 Stealth
 - Level 8.0 Spellcasting
 - Level 11.0 Evocations


You had 30 spell levels left.
You didn't know any spells.
Your spell library contained the following spells:

 Spells                   Type           Power      Damage    Failure   Level
 Frozen Ramparts          Ice            6%         1d1       99%         3
 Animate Armour           Summ/Erth      6%         N/A       100%        4
 Ice Form                 Ice/Tmut       3%         N/A       100%        4
 Summon Ice Beast         Ice/Summ       3%         N/A       100%        4
 Blade Hands              Tmut           1%         N/A       100%        5
 Iron Shot                Conj/Erth      1%         9d1       100%        6


Dungeon Overview and Level Annotations

Branches:
Dungeon (10/15)            Temple (0/1) D:7            Lair (5/5) D:9
  Swamp (2/4) Lair:3        Snake (0/4) Lair:2        Slime (5/5) Lair:4
    Orc (2/2) D:9             Elf (0/3) Orc:2        Bailey (visited)

Altars:
Ashenzari
Cheibriados
Dithmenos
Hepliaklqana
Makhleb
Nemelex Xobeh
Ru
Xom
Yredelemnul
Jiyva

Shops:
D:3 =   Orc:1 *   Orc:2 [(=*

Annotations:
Slime:3 Dissolution
Slime:5 Royal Jelly


Innate Abilities, Weirdness & Mutations

You have a pair of large antennae on your head. (SInv)
You are completely covered in molten scales. (AC +4, rF+)
Your demonic aura sometimes causes spilled blood to erupt in flames.
You are mostly covered in sharp spines.
You punish those that try to bend your will. (Will+)
You are partially covered in large bone plates. (SH +4)
You are somewhat resistant to both further mutation and mutation removal.
You heal very quickly.
Your muscles are very strong. (Str +8, Int/Dex -2)
Your spells are a little harder to cast, but a little more powerful.
Your body has grown many eyes which may confuse attackers. (Acc +5)
Your rubbery body absorbs attacks. (AC +1, EV +1)
Your translucent skin slightly reduces your foes' accuracy. (Stealth+)
Your movements are slightly less encumbered by armour. (ER -2)
You passively dampen the noise of your surroundings.


Message History

You see here a hydra corpse.
You feel better.
The bog body touches the swamp dragon.
The bog body freezes the swamp dragon!!
You block the ghoul's attack. The ghoul barely misses you.
You slash the swamp dragon!
The swamp dragon is severely wounded.
A nearby fungus withers and dies. x3; The bog body touches itself!
The ghoul is struck by your spines. The ghoul closely misses you.
The ghoul claws you but does no damage. You block the swamp dragon's attack.
The swamp dragon claws you but does no damage.
The swamp dragon tramples you.
You hold your ground!
You cut the swamp dragon into ribbons!!!
You kill the swamp dragon!
The ghoul claws you but does no damage. The ghoul closely misses you.
The ghoul is struck by your spines. The ghoul claws you! The ghoul claws you.
You cut the alligator into ribbons!!!
The alligator is severely wounded.
The bog body seems less confused.
The alligator puts on a burst of speed!
The bog body barely misses you.
A bunyip comes into view.
The ghoul is struck by your spines. The ghoul claws you.
The ghoul barely misses you. The alligator is struck by your spines.
The alligator bites you!
The eyeballs on your body gaze at the alligator.
The alligator tail-slaps you. The bog body casts a spell at you.
The bolt of cold hits you!
* * * LOW HITPOINT WARNING * * *
Unknown command.
The bunyip gives a hideous shriek!
You slice the alligator!!
You kill the alligator!
The ghoul claws you!
* * * LOW HITPOINT WARNING * * *
The ghoul claws you!!
* * * LOW HITPOINT WARNING * * *
The bunyip howls a warning cry!
The bog body is engulfed in blazing flames.
The bog body completely misses you. The ghoul claws you!
You die...

~♣ ♣♣.♣ ♣.?♣
♣..♣ ♣♣...♣
♣.♣.~♣♣ ♣♣^
♣<...♣~...
♣♣♣†.....~.
♣.@n.....~.
♣.P○n†~....~
..x...~~≈.~P.~~
~../....≈~≈....~
~~...P~≈≈≈~≈§P.~
~....P~.≈~~~~..~
..~....~.~~...~~
.~....P.~.~P.?~.


You could see a ghoul, a bunyip (catching breath) and a bog body.

Vanquished Creatures
  Rupert (Lair:4)
  Gastronok (D:8)
  A fenstrider witch (Swamp:1)
  A ghoul (Swamp:2)
  2 orc warlords
  The ghost of wormed the Spear-Bearer, a journeyman NaBe of Trog (Lair:5)
  An eleionoma (Swamp:1)
  A dire elephant (Lair:2)
  A bunyip (Swamp:1)
  7 hydras
  A vault guard (Bailey)
  4 catoblepae (Lair:5)
  A two-headed ogre (D:9)
  6 alligators
  12 death yaks
  4 orc high priests
  3 goliath frogs (Swamp:1)
  A fire crab (D:9)
  A spriggan druid (Swamp:1)
  2 bog bodies
  A swamp dragon (Swamp:2)
  3 orc knights (Orc:2)
  2 will-o-the-wisps (Swamp:1)
  3 manticores
  2 orc sorcerers (Orc:2)
  8 elephants (Lair:2)
  6 black mambas
  10 cane toads
  3 torpor snails (Lair:2)
  3 rime drakes
  11 komodo dragons
  3 polar bears
  3 trolls
  Grinder (D:3)
  Prince Ribbit (Bailey)
  5 tyrant leeches
  6 hornets
  9 blink frogs
  A vampire (D:10)
  75 yaks
  4 wyverns
  5 basilisks
  5 humans (Bailey)
  2 steam dragons
  7 swamp worms
  8 wargs
  3 nagas (Lair:2)
  2 acid dragons (D:9)
  16 water moccasins
  7 black bears
  30 orc warriors
  16 ogres
  4 ice beasts
  5 wolves (Lair:4)
  2 centaurs
  2 phantoms
  2 kobold brigands (D:9)
  13 bullfrogs
  3 gnoll sergeants (D:9)
  A necrophage (D:6)
  6 scorpions
  5 wights (D:8)
  9 killer bees
  An electric eel (Lair:1)
  A jelly (Lair:3)
  9 orc priests
  2 gnoll boudas
  A hound (D:5)
  An iron imp (D:7)
  10 iguanas
  Natasha (twice) (D:3)
  2 hell rats (Lair:2)
  7 orc wizards
  Ijyb (D:3)
  6 adders
  17 gnolls
  A shadow imp (D:7)
  5 white imps
  2 ufetubi
  2 worms
  2 dart slugs
  72 orcs
  5 ball pythons
  3 endoplasms (D:1)
  2 giant cockroaches
  5 hobgoblins
  2 jackals (D:4)
  11 kobolds
  7 quokkas
  4 bats
  4 frilled lizards
  10 goblins
  4 rats
566 creatures vanquished.

Vanquished Creatures (collateral kills)
  A vault guard (Bailey)
1 creature vanquished.

Vanquished Creatures (others)
  A bloated husk (Swamp:1)
  A basilisk (Lair:2)
  A warg (Orc:2)
  2 black bears
  2 centaurs
  A bullfrog (Bailey)
  2 scorpions (D:5)
  30 jellies
  An orc priest (D:9)
  3 hounds
  An iguana (D:7)
  Natasha (D:3)
  4 orc wizards
  A gnoll (D:4)
  2 shadow imps
  A dart slug (D:3)
  16 orcs
  5 endoplasms
  A hobgoblin (Bailey)
  12 foxfires (Swamp:1)
  98 fungi
  113 plants
299 creatures vanquished.

Grand Total: 866 creatures vanquished

Notes
Turn   | Place    | Note
-------+----------+-------------------------------------------
     0 | D:1      | Newt the Demonspawn Gladiator began the quest for the Orb.
     0 | D:1      | Reached XP level 1. HP: 16/16 MP: 1/1
    49 | D:1      | Reached skill level 1 in Stealth
    93 | D:1      | Gained mutation: You have a pair of small antennae on your
                  | head. [demonic ancestry]
    93 | D:1      | Reached XP level 2. HP: 22/22 MP: 2/2
   492 | D:1      | Found a faded altar of an unknown god.
   747 | D:1      | Prayed at the altar of an unknown god.
   747 | D:1      | Became a worshipper of Jiyva Joijausc the Shapeless
   747 | D:1      | Reached * piety under Jiyva
   938 | D:2      | Gained mutation: You are partially covered in molten
                  | scales. (AC +2) [demonic ancestry]
   938 | D:2      | Reached XP level 3. HP: 27/27 MP: 3/3
  1237 | D:2      | Reached XP level 4. HP: 34/34 MP: 4/4
  1394 | D:2      | Reached ** piety under Jiyva
  1754 | D:3      | Noticed Natasha
  1773 | D:3      | Killed Natasha
  1825 | D:3      | Found Kosagg's Jewellery Boutique.
  1825 | D:3      | Noticed Grinder
  1846 | D:3      | Paralysed by Grinder for 3 turns
  1850 | D:3      | Killed Grinder
  1851 | D:3      | Gained mutation: You are partially covered in sharp spines.
                  | [demonic ancestry]
  1851 | D:3      | Reached XP level 5. HP: 32/42 MP: 5/5
  1851 | D:3      | Reached XP level 6. HP: 37/48 MP: 6/6
  1953 | D:3      | Noticed Ijyb
  1958 | D:3      | Killed Ijyb
  2027 | D:3      | Killed Natasha
  2107 | D:3      | Noticed Natasha
  2112 | D:3      | Killed Natasha
  2182 | D:4      | Found a broken altar of Ashenzari.
  2242 | D:4      | Found a shadowy altar of Dithmenos.
  2242 | D:4      | Reached *** piety under Jiyva
  2278 | D:4      | Noticed an ice beast
  2284 | D:4      | Killed an ice beast
  2285 | D:4      | Reached skill level 5 in Fighting
  2285 | D:4      | Gained mutation: You are mostly covered in molten scales.
                  | (AC +3) [demonic ancestry]
  2285 | D:4      | Reached XP level 7. HP: 56/56 MP: 7/7
  2322 | D:4      | Found a shimmering altar of Xom.
  2491 | D:4      | Gained mutation: You have hidden genetic potential.
                  | [Jiyva's grace]
  2491 | D:4      | Gained mutation: You have great hidden genetic potential.
                  | [Jiyva's grace]
  2491 | D:4      | Gained mutation: Your movements are slightly less
                  | encumbered by armour. (ER -2) [Jiyva's grace]
  2491 | D:4      | Gained mutation: Your movements are less encumbered by
                  | armour. (ER -4) [Jiyva's grace]
  2600 | D:5      | Entered Level 5 of the Dungeon
  2742 | D:5      | Reached **** piety under Jiyva
  2746 | D:5      | Found a basalt altar of Yredelemnul.
  2767 | D:5      | Reached skill level 1 in Evocations
  3033 | D:5      | Identified the ring of Okawaru's Wrath {Will+ Str+6 Stlth+}
  3171 | D:5      | Gained mutation: You have a pair of antennae on your head.
                  | [demonic ancestry]
  3171 | D:5      | Reached XP level 8. HP: 59/64 MP: 8/8
  3177 | D:5      | Gained mutation: You have large cloven feet. [hidden
                  | potential]
  3256 | D:5      | Reached skill level 5 in Evocations
  3538 | D:6      | Reached skill level 1 in Spellcasting
  3569 | D:6      | Reached ***** piety under Jiyva
  3823 | D:7      | Gained mutation: You are completely covered in molten
                  | scales. (AC +4, rF+) [demonic ancestry]
  3823 | D:7      | Reached XP level 9. HP: 60/74 MP: 12/14
  3899 | D:7      | Gained mutation: You passively dampen the noise of your
                  | surroundings. [hidden potential]
  3899 | D:7      | Lost mutation: You have great hidden genetic potential.
                  | [hidden potential expressed]
  4230 | D:7      | Lost mutation: Your movements are less encumbered by
                  | armour. (ER -4) [Jiyva's grace]
  4230 | D:7      | Gained mutation: Your rubbery body absorbs attacks. (AC +1,
                  | EV +1) [Jiyva's grace]
  4230 | D:7      | Gained mutation: Your pliable body absorbs attacks. (AC +2,
                  | EV +2) [Jiyva's grace]
  4230 | D:7      | Gained mutation: Your gelatinous body deflects attacks. (AC
                  | +3, EV +3) [Jiyva's grace]
  4230 | D:7      | Gained mutation: You are agile. (Dex +4, Str/Int -1)
                  | [Jiyva's grace]
  4290 | D:7      | Found a staircase to the Ecumenical Temple.
  4362 | D:7      | Found a burning altar of Makhleb.
  4573 | D:8      | Found a flagged portal.
  4584 | Bailey   | Entered a bailey
  4600 | Bailey   | Reached skill level 5 in Spellcasting
  4634 | Bailey   | Noticed Prince Ribbit
  4634 | Bailey   | Noticed a vault guard
  4638 | Bailey   | Killed Prince Ribbit
  4639 | Bailey   | Killed a vault guard
  4672 | Bailey   | Noticed a vault guard
  4685 | Bailey   | Killed a vault guard
  4686 | Bailey   | Reached XP level 10. HP: 28/80 MP: 19/19
  4689 | Bailey   | Gained mutation: You are partially covered in large bone
                  | plates. (SH +4) [hidden potential]
  4987 | D:8      | Reached skill level 1 in Long Blades
  5045 | D:8      | Reached skill level 2 in Long Blades
  5054 | D:8      | Reached ****** piety under Jiyva
  5278 | D:8      | Reached skill level 3 in Long Blades
  5300 | D:8      | Found a hazy altar of Hepliaklqana.
  5520 | D:8      | Noticed Gastronok
  5532 | D:8      | Killed Gastronok
  5533 | D:8      | Reached skill level 5 in Long Blades
  5788 | D:9      | Reached skill level 6 in Long Blades
  5918 | D:9      | Found a staircase to the Orcish Mines.
  5921 | D:9      | Gained mutation: Your demonic aura sometimes causes spilled
                  | blood to erupt in flames. [demonic ancestry]
  5921 | D:9      | Reached XP level 11. HP: 74/86 MP: 20/20
  5938 | D:9      | Gained mutation: You possess an exceptional clarity of
                  | mind. [hidden potential]
  5938 | D:9      | Lost mutation: You have hidden genetic potential. [hidden
                  | potential expressed]
  5949 | D:9      | Reached skill level 7 in Long Blades
  6014 | D:9      | Found a staircase to the Lair.
  6014 | D:9      | Noticed a fire crab
  6019 | D:9      | Lost mutation: You are agile. (Dex +4, Str/Int -1) [Jiyva's
                  | grace]
  6019 | D:9      | Gained mutation: Your melee attacks may engulf your foes in
                  | ooze. [Jiyva's grace]
  6019 | D:9      | Gained mutation: You have a small jelly attached to you
                  | that may absorb projectiles. [Jiyva's grace]
  6019 | D:9      | Gained mutation: You are agile. (Dex +4, Str/Int -1)
                  | [Jiyva's grace]
  6019 | D:9      | Gained mutation: You are very agile. (Dex +8, Str/Int -2)
                  | [Jiyva's grace]
  6034 | D:9      | Killed a fire crab
  6241 | D:9      | Found a sparkling altar of Nemelex Xobeh.
  6244 | D:9      | Found a snail-covered altar of Cheibriados.
  6275 | D:9      | Noticed a two-headed ogre
  6282 | D:9      | Killed a two-headed ogre
  6283 | D:9      | Reached skill level 8 in Long Blades
  6398 | D:10     | Entered Level 10 of the Dungeon
  6616 | D:3      | Bought an amulet of guardian spirit for 420 gold pieces
  6763 | Lair:1   | Entered Level 1 of the Lair of Beasts
  6767 | Lair:1   | Found a sacrificial altar of Ru.
  6781 | Lair:1   | Reached skill level 9 in Long Blades
  7036 | Lair:1   | Reached skill level 10 in Long Blades
  7406 | Lair:1   | Reached skill level 11 in Long Blades
  7587 | Lair:2   | Gained mutation: You punish those that try to bend your
                  | will. (Will+) [demonic ancestry]
  7587 | Lair:2   | Reached XP level 12. HP: 88/92 MP: 21/21
  7677 | Orc:1    | Entered Level 1 of the Orcish Mines
  7677 | Orc:1    | Found Ucixurch's General Store.
  7678 | Orc:1    | Noticed an orc warlord
  7913 | Orc:1    | Killed an orc warlord
  7914 | Orc:1    | Reached skill level 12 in Long Blades
  7962 | Orc:1    | Lost mutation: You have large cloven feet. [Jiyva's grace]
  7962 | Orc:1    | Lost mutation: You are very agile. (Dex +8, Str/Int -2)
                  | [Jiyva's grace]
  7962 | Orc:1    | Lost mutation: You possess an exceptional clarity of mind.
                  | [Jiyva's grace]
  7962 | Orc:1    | Lost mutation: Your gelatinous body deflects attacks. (AC
                  | +3, EV +3) [Jiyva's grace]
  7962 | Orc:1    | Lost mutation: Your melee attacks may engulf your foes in
                  | ooze. [Jiyva's grace]
  7962 | Orc:1    | Gained mutation: Your body has grown eyes which may confuse
                  | attackers. (Acc +3) [Jiyva's grace]
  7962 | Orc:1    | Gained mutation: Your body has grown many eyes which may
                  | confuse attackers. (Acc +5) [Jiyva's grace]
  7962 | Orc:1    | Gained mutation: Your body is covered in eyes which may
                  | confuse attackers. (Acc +7, SInv) [Jiyva's grace]
  7962 | Orc:1    | Gained mutation: Your spells are a little harder to cast,
                  | but a little more powerful. [Jiyva's grace]
  8212 | Orc:2    | Entered Level 2 of the Orcish Mines
  8213 | Orc:2    | Found Akul's Antique Armour Shoppe.
  8239 | Orc:2    | Noticed an orc warlord
  8240 | Orc:2    | Found Boalynut's Jewellery Emporium.
  8302 | Orc:2    | Killed an orc warlord
  8303 | Orc:2    | Reached skill level 13 in Long Blades
  8369 | Orc:2    | Found a staircase to the Elven Halls.
  8371 | Orc:2    | Found Zalleuj's Antique Weapon Shoppe.
  8372 | Orc:2    | Noticed an orc high priest
  8388 | Orc:2    | HP: 1/92 [sun demon[an orc sorcerer] (4)]
  8550 | Orc:2    | Killed an orc high priest
  8675 | Orc:2    | Found Paczeeb's General Store.
  8676 | Orc:2    | Noticed an orc high priest
  8678 | Orc:2    | Noticed an orc high priest
  8695 | Orc:2    | Killed an orc high priest
  8710 | Orc:2    | Killed an orc high priest
  8751 | Orc:2    | Bought 3 scrolls of identify for 78 gold pieces
  8751 | Orc:2    | Bought a potion of haste for 130 gold pieces
  8934 | Orc:2    | Found a gateway to a bazaar.
  8952 | Bazaar   | Entered a bazaar
  8955 | Bazaar   | Found Keak's Assorted Antiques.
  8984 | Bazaar   | Found Palarry's Book Boutique.
  8984 | Bazaar   | Found Siwk's Antique Armour Shop.
  9009 | Bazaar   | Found Moarphexa's Armour Boutique.
  9037 | Bazaar   | Bought a scroll labelled CECHECZOMYCH for 20 gold pieces
  9037 | Bazaar   | Bought a bronze wand for 80 gold pieces
  9202 | Orc:1    | Noticed an orc high priest
  9209 | Orc:1    | Killed an orc high priest
  9523 | Lair:2   | Gained mutation: You are mostly covered in sharp spines.
                  | [demonic ancestry]
  9523 | Lair:2   | Reached XP level 13. HP: 98/98 MP: 22/22
  9547 | Lair:2   | Reached skill level 10 in Armour
  9604 | Lair:2   | Noticed a dire elephant
  9614 | Lair:2   | Killed a dire elephant
  9858 | Lair:2   | Found a staircase to the Snake Pit.
 10440 | Lair:3   | Lost mutation: Your body is covered in eyes which may
                  | confuse attackers. (Acc +7, SInv) [Jiyva's grace]
 10440 | Lair:3   | Lost mutation: You have a small jelly attached to you that
                  | may absorb projectiles. [Jiyva's grace]
 10440 | Lair:3   | Gained mutation: You are somewhat resistant to further
                  | mutation. [Jiyva's grace]
 10440 | Lair:3   | Gained mutation: You are somewhat resistant to both further
                  | mutation and mutation removal. [Jiyva's grace]
 10440 | Lair:3   | Gained mutation: You are almost entirely resistant to
                  | further mutation and mutation removal. [Jiyva's grace]
 10440 | Lair:3   | Gained mutation: Your translucent skin slightly reduces
                  | your foes' accuracy. (Stealth+) [Jiyva's grace]
 11290 | Lair:3   | Found a staircase to the Swamp.
 11301 | Lair:3   | Reached skill level 10 in Fighting
 11452 | Lair:4   | Noticed Rupert
 11455 | Lair:4   | Killed Rupert
 11614 | Lair:4   | Found a runed translucent door.
 11614 | Lair:4   | Found a staircase to the Slime Pits.
 11614 | Lair:4   | Noticed an acid blob
 11684 | Lair:4   | Lost mutation: You are agile. (Dex +4, Str/Int -1) [Jiyva's
                  | grace]
 11684 | Lair:4   | Lost mutation: You are almost entirely resistant to further
                  | mutation and mutation removal. [Jiyva's grace]
 11684 | Lair:4   | Lost mutation: Your pliable body absorbs attacks. (AC +2,
                  | EV +2) [Jiyva's grace]
 11684 | Lair:4   | Gained mutation: Your muscles are strong. (Str +4, Int/Dex
                  | -1) [Jiyva's grace]
 11684 | Lair:4   | Gained mutation: Your muscles are very strong. (Str +8,
                  | Int/Dex -2) [Jiyva's grace]
 11684 | Lair:4   | Gained mutation: Your natural rate of healing is unusually
                  | fast. [Jiyva's grace]
 11684 | Lair:4   | Gained mutation: You heal very quickly. [Jiyva's grace]
 11756 | Lair:4   | Paralysed by a hornet for 3 turns
 11759 | Lair:4   | Gained mutation: You have a pair of large antennae on your
                  | head. (SInv) [demonic ancestry]
 11759 | Lair:4   | Reached XP level 14. HP: 85/113 MP: 20/23
 12066 | Lair:5   | Entered Level 5 of the Lair of Beasts
 12066 | Lair:5   | Noticed wormed's ghost (journeyman NaBe)
 12066 | Lair:5   | Found a runed translucent gate.
 12066 | Lair:5   | Found a runed translucent gate.
 12066 | Lair:5   | Found a runed translucent gate.
 12113 | Lair:5   | Killed wormed's ghost
 13148 | Slime:1  | Entered Level 1 of the Pits of Slime
 13148 | Slime:1  | Noticed an acid blob
 13148 | Slime:1  | Noticed an acid blob
 13148 | Slime:1  | Noticed an acid blob
 13190 | Slime:1  | Noticed a quicksilver ooze
 13213 | Slime:1  | Noticed an acid blob
 13223 | Slime:1  | Noticed an acid blob
 13337 | Slime:2  | Noticed an acid blob
 13337 | Slime:2  | Noticed an acid blob
 13337 | Slime:2  | Noticed an acid blob
 13356 | Slime:2  | Noticed an acid blob
 13469 | Slime:3  | Noticed a rockslime
 13510 | Slime:3  | Noticed Dissolution
 13513 | Slime:3  | Noticed a quicksilver ooze
 13518 | Slime:3  | Noticed an azure jelly
 13552 | Slime:3  | Noticed a rockslime
 13574 | Slime:3  | Noticed an azure jelly
 13647 | Slime:4  | Noticed a quicksilver ooze
 13650 | Slime:4  | Noticed a rockslime
 13651 | Slime:4  | Noticed an acid blob
 13656 | Slime:4  | Noticed a rockslime
 13684 | Slime:4  | Noticed a rockslime
 13747 | Slime:4  | Noticed an acid blob
 13846 | Slime:5  | Entered Level 5 of the Pits of Slime
 13846 | Slime:5  | Noticed a quicksilver ooze
 13846 | Slime:5  | Noticed an acid blob
 13846 | Slime:5  | Noticed an azure jelly
 13846 | Slime:5  | Noticed an azure jelly
 13899 | Slime:5  | Noticed an acid blob
 13926 | Slime:5  | Noticed an acid blob
 13937 | Slime:5  | Noticed an azure jelly
 13948 | Slime:5  | Noticed an acid blob
 13968 | Slime:5  | Noticed an azure jelly
 14031 | Slime:5  | Noticed an azure jelly
 14036 | Slime:5  | Noticed an acid blob
 14036 | Slime:5  | Noticed an azure jelly
 14040 | Slime:5  | Noticed an acid blob
 14041 | Slime:5  | Found a viscous altar of Jiyva.
 14043 | Slime:5  | Noticed an acid blob
 14044 | Slime:5  | Noticed an acid blob
 14047 | Slime:5  | Identified the +2 trident of a ziggurat {vamp, rN+ Int+3}
 14048 | Slime:5  | Identified the +1 robe "Raubach" {Fly rCorr Int-3 Stlth+}
 14049 | Slime:5  | Noticed the Royal Jelly
 14050 | Slime:5  | Noticed an acid blob
 14052 | Slime:5  | Noticed an acid blob
 14055 | Slime:5  | Identified the +0 crystal plate armour "Edwur" {Fly Str+4}
 14058 | Slime:5  | Got a slimy rune of Zot
 14059 | Slime:5  | Identified the +8 long sword "Ostreyh Zuvo" {protect, Int+4
                  | Dex+3}
 14070 | Slime:5  | Identified the +1 robe "Awukly" {Rampage rElec Str+2}
 14127 | Slime:5  | Noticed an azure jelly
 14292 | Swamp:1  | Entered Level 1 of the Swamp
 14507 | Swamp:1  | Reached skill level 10 in Evocations
 14556 | Swamp:1  | Reached XP level 15. HP: 120/120 MP: 27/27
 14914 | Swamp:1  | Noticed a fenstrider witch
 14918 | Swamp:1  | Killed a fenstrider witch
 14972 | Swamp:2  | HP: 4/122 [ghoul (18)]
 14972 | Swamp:2  | Mangled by a ghoul

Illustrated notes

Levels and vault maps discovered:
D:1:      giann_bridges, layout_loops_ring, basic_ecumenical_altar
D:2:      layout_loops_ring, minmay_misc_feat_alley, hangedman_decor_slide_cut,
          minmay_misc_feat_pillars, nicolae_concentric_dashed_squares_wild,
          minmay_pentomino_o2
D:3:      layout_rooms, serial_shops, shop, hangedman_decor_push, uniq_ijyb,
          uniq_natasha, uniq_grinder
D:4:      layout_rooms, nicolae_dithmenos_the_darkroom, tgw_xom,
          evilmike_ruin_ashenzari
D:5:      minmay_razor_zed, layout_basic, mainiacjoe_overflow_24_doors,
          hangedman_decor_points, chequers_serial_rivers_micro_b,
          serial_bayou_lagoon_a
D:6:      layout_cave_pools, serial_rivers, chequers_serial_rivers_room_b,
          chequers_serial_rivers_micro_e, chequers_serial_rivers_micro_e,
          chequers_serial_rivers_large_a
D:7:      layout_cave_pools, makhleb_grotto_becter,
          minmay_temple_entry_nine_rooms
D:8:      layout_basic, amcnicky_altar_gilded, enter_bailey_7, uniq_gastronok
D:9:      layout_roguey [special_room_orc], gammafunk_temple_overflow_statue,
          minmay_lair_entry_lava, kennysheep_orc_monster_closet_entryway
D:10:     kennysheep_ambush_hall, layout_irregular_city, serial_column_ruins,
          column_ruins_grid_1, column_ruins_columns_straight,
          column_ruins_open_tiny, column_ruins_open_large,
          column_ruins_open_medium, column_ruins_columns_straight,
          minmay_increasing_density
Lair:1:   layout_regular_city, basic_altar, infiniplex_staircase_pool,
          serial_bayou_shore_b
Lair:2:   layout_cave_shapes, nicolae_snake_entry_squirm,
          nicolae_lair_lakeside_cave
Lair:3:   layout_layer_cave, palyth_hydra_swamp_entry
Lair:4:   layout_roguey, slime_entry_2, dreamdust_wasp_nest, uniq_rupert
Lair:5:   evilmike_catoblepas_cave, layout_long_grid, ebering_ghost_rock_garden,
          dreamdust_mushroom_princess
Swamp:1:  layout_basic_swamp, evilmike_swamp_ruin_house_1,
          infiniplex_staircase_pool_2
Swamp:2:  layout_falls_marsh, nicolae_swamp_fairy_circle
Slime:1:  layout_caves
Slime:2:  layout_caves
Slime:3:  layout_caves, uniq_dissolution
Slime:4:  layout_caves
Slime:5
Orc:1:    layout_caves, serial_shops, shop
Orc:2:    grunt_orc_gardens, layout_diamond_mine, grunt_orc_garden,
          grunt_orc_garden, grunt_orc_garden, grunt_orc_garden, basic_altar,
          serial_shops, bzr_entry_gold

Skill      XL: |  1  2  3  4  5  6  7  8  9 10 11 12 13 14 15 |
---------------+----------------------------------------------+-----
Stealth        | 1 2 3 |  3.0
Fighting       | 4 5 6 8 11 12 | 12.7
Dodging        | 4 |  4.0
Armour         | 2 3 7 8 9 12 | 12.0
Evocations     | 4 5 10 11 | 11.0
Spellcasting   | 3 6 8 |  8.0
Short Blades   | 4 |  4.1
Long Blades    | 6 11 13 | 13.7
Throwing       | |  1.7

Action                   |  1- 3 |  4- 6 |  7- 9 | 10-12 | 13-15 || total
-------------------------+-------+-------+-------+-------+-------++-------
Melee: Rapier            |   108 |   117 |   171 |    54 |       ||   450
       Punch             |     2 |       |     4 |     1 |       ||     7
       Kick              |       |       |    33 |    64 |       ||    97
       Great sword       |       |       |       |   315 |   399 ||   714
Throw: Throwing net      |     3 |       |     2 |       |       ||     5
       Javelin           |     1 |       |       |       |       ||     1
Invok: Oozemancy         |       |       |       |     2 |       ||     2
       Slimify           |       |       |       |     1 |       ||     1
Evoke: Wand              |       |       |     4 |     4 |       ||     8
  Use: Scroll            |     3 |     7 |     3 |    13 |     5 ||    31
       Potion            |       |       |       |       |     1 ||     1
 Stab: Sleeping          |     4 |     4 |     8 |     5 |    13 ||    34
       Distracted        |       |     1 |     1 |       |     1 ||     3
       Held in net/web   |       |       |     1 |       |       ||     1
       Confused          |       |       |       |     7 |    10 ||    17
       Petrified         |       |       |       |       |     8 ||     8
Armor: Leather armour    |    26 |    40 |    37 |    24 |       ||   127
       Acid dragon scale |       |       |       |   182 |   173 ||   355
       Crystal plate arm |       |       |       |       |    91 ||    91
Dodge: Dodged            |    52 |    81 |   124 |   551 |   354 ||  1162
Block: Other             |       |       |       |   111 |    98 ||   209

Table legend: (Time is in decaauts)
 A = Elapsed time spent in this place.
 B = Non-inter-level travel time spent in this place.
 C = Inter-level travel time spent in this place.
 D = Time resting spent in this place.
 E = Time spent auto-exploring this place.
 F = Levels seen in this place.
 G = Mean time per level.
                   A        B        C        D        E       F      G
               +--------+--------+--------+--------+--------+-----+--------+
         Total |  15974 |  14741 |   1233 |   1289 |   9907 |  26 |  614.4 |
       Dungeon |   6977 |   6313 |    664 |    787 |   4121 |  10 |  697.7 |
          Lair |   5268 |   4985 |    283 |     19 |   3672 |   5 | 1053.6 |
         Swamp |    694 |    669 |     25 |    100 |    363 |   2 |  347.0 |
    Slime Pits |   1046 |    962 |     84 |      0 |    909 |   5 |  209.2 |
  Orcish Mines |   1548 |   1372 |    176 |    254 |    699 |   2 |  774.0 |
        Bazaar |    108 |    108 |      0 |      0 |     73 |   1 |  108.0 |
        Bailey |    330 |    330 |      0 |    129 |     68 |   1 |  330.0 |
               +--------+--------+--------+--------+--------+-----+--------+

Top non-repeatable levels by time:
  Lair:3: 1351 daAuts
  Lair:5: 1120 daAuts
  Lair:2: 1108 daAuts
     D:9: 1093 daAuts
     D:8: 974 daAuts
  Lair:1: 933 daAuts
     D:2: 898 daAuts
     D:1: 825 daAuts
   Orc:1: 798 daAuts
     D:7: 758 daAuts
     D:5: 756 daAuts
  Lair:4: 755 daAuts
   Orc:2: 750 daAuts
 Swamp:1: 668 daAuts
     D:6: 576 daAuts
